 Dungeon Crawl Stone Soup version 0.29.1-15-g9cfb28693d (webtiles) character file.

Game seed: 8773028196899673012

6 M4edhros the Trooper (level 1, -1/16 HPs)
             Began as an Octopode Chaos Knight on Mar 3, 2023.
             Was a Plaything of Xom.
             Slain by a hobgoblin
             ... wielding a +0 trident
              (8 damage)
             ... on level 1 of the Dungeon.
             The game lasted 00:00:08 (33 turns).

M4edhros the Trooper (Octopode Chaos Knight)          Turns: 33, Time: 00:00:08

Health: -1/16      AC:  1    Str: 11    XL:     1   Next: 90%
Magic:  1/1        EV: 13    Int: 14    God:    Xom [...*..]
Gold:   0          SH:  0    Dex: 11    Spells: 0/0 levels left

rFire   . . .      SeeInvis .   a - +0 mace (chaos)
rCold   . . .      Faith    .   (no shield)
rNeg    . . .      Spirit   .   (helmet restricted)
rPois   .          Reflect  .   (no amulet)
rElec   .          Harm     .   (no ring)
rCorr   .          Rampage  .   (no ring)
Will    .....                   (no ring)
Stlth   ++........              (no ring)
HPRegen 0.05/turn               (no ring)
MPRegen 0.07/turn               (no ring)
                                (no ring)
                                (no ring)

@: no status effects
A: almost no armour, amphibious, 8 rings, camouflage 1, gelatinous body 1,
(nimble swimmer 1), tentacles
a: Renounce Religion


You were on level 1 of the Dungeon.
You worshipped Xom.
You were a favourite toy of Xom.
You visited 1 branch of the dungeon, and saw 1 of its levels.

Inventory:

Hand Weapons
 a - a +0 mace of chaos (weapon)
Miscellaneous
 b - a piece from Xom's chessboard (15/15) (quivered)


   Skills:
 + Level 3.2 Fighting
 - Level 3.0 Maces & Flails
 + Level 2.6 Dodging


You couldn't memorise any spells.
You didn't know any spells.
Your spell library was empty.

Dungeon Overview and Level Annotations

Branches:
Dungeon (1/15)

Altars:


Innate Abilities, Weirdness & Mutations

You cannot wear most types of armour.
You are amphibious.
You can wear up to eight rings at the same time.
Your skin changes colour to match your surroundings (Stealth+).
Your rubbery body absorbs attacks. (AC +1, EV +1)
((You are camouflaged when in or above water. (Stealth+)))
You have tentacles for arms and can constrict up to eight enemies at once.


Message History

There are monsters nearby!
A jackal comes into view.
The jackal barks!
A jackal comes into view. x2
Found 6 gold pieces.
The rat bites you.
You hit the rat.
You kill the rat!
The dart slug launches a dart at you. The slug dart hits you.
A hobgoblin comes into view. It is wielding a +0 trident.
Found a leather armour.
The jackal bites you.
You hit the jackal. You burn the jackal. Your grab misses the jackal.
The jackal is heavily wounded.
The jackal bites you.
The jackal bites you but does no damage.
The jackal bites you. x2 "Go forth and destroy!"
You feel much better.
You are now a favourite toy of Xom.
The jackal attacks as you move away! The jackal barely misses you.
The jackal bites you. The jackal misses you.
You hit the jackal. You grab the jackal. You squeeze the jackal.
You kill the jackal!
The jackal closely misses you. The jackal barely misses you.
You hit the jackal.
You kill the jackal!
The jackal misses you. The jackal barely misses you. The hobgoblin misses you.
The jackal closely misses you.
You hit the dart slug. You grab the dart slug. You squeeze the dart slug!
The dart slug is almost dead.
You constrict the dart slug.
You kill the dart slug!
The jackal closely misses you. x2; The jackal misses you.
The hobgoblin hits you from afar with a +0 trident!
Ouch! That really hurt!
You closely miss the jackal. Your grab misses the jackal.
The jackal barely misses you. x2
The hobgoblin hits you from afar with a +0 trident!
Ouch! That really hurt!
You die...

.......$..#..
......$...#.#
.........$#.#
............#
...........####
...............
.......g..#
........†h###
[......†#@h.#
######.##...######
#...........#
#..#...####.########
.....................
.#####.####.#.#.......
###.......###.#.######
.....[⌠..............
#..⌠...⌠..####.#####


You could see 2 jackals and a hobgoblin.

Vanquished Creatures
  A dart slug (D:1)
  2 jackals (D:1)
  A rat (D:1)
4 creatures vanquished.

Notes
Turn   | Place    | Note
-------+----------+-------------------------------------------
     0 | D:1      | M4edhros the Octopode Chaos Knight began the quest for the
                  | Orb.
     0 | D:1      | Reached XP level 1. HP: 16/16 MP: 1/1
    28 | D:1      | XOM: potion effect (heal wounds)
    33 | D:1      | Slain by a hobgoblin

Illustrated notes

Levels and vault maps discovered:
D:1:      dpeg_arrival_leaves_temple_mockup, layout_basic, grunt_decor_cap,
          wad_woods_river_04

Action                   || total
-------------------------++-------
Melee: Mace              ||     6
       Constrict         ||     2
       Tentacles         ||     2
Armor: Skin              ||     1
Dodge: Dodged            ||    13
